 Dungeon Crawl Stone Soup version 0.22-a0-877-g5c4e1af (webtiles) character file.

52342 Goblin1989 the Severer (level 14, -6/126 HPs)
             Began as a Hill Orc Berserker on July 29, 2018.
             Was a High Priest of Trog.
             Mangled by an orc warrior
             ... wielding a +0 glaive
             ... led by an orc knight
              (25 damage)
             ... on level 1 of the Orcish Mines.
             The game lasted 00:59:16 (20500 turns).

Goblin1989 the Severer (Hill Orc Berserker)        Turns: 20500, Time: 00:59:16

Health: -6/126     AC: 17    Str: 23    XL:     14   Next: 63%
Magic:  18/18      EV: 12    Int:  7    God:    Trog [*****.]
Gold:   996        SH:  0    Dex: 10    Spells: 13/13 levels left

rFire    . . .     SeeInvis .   i - +7 executioner's axe of Rafyt {god gift, freeze, +Fly rElec rPois Str-2}
rCold    . . .     Gourm    .   (shield currently unavailable)
rNeg     . . .     Faith    +   k - +0 chain mail
rPois    +         Spirit   .   w - +1 helmet
rElec    +         Reflect  .   y - +0 cloak
rCorr    .         Harm     .   (no gloves)
MR       ++...                  j - +0 pair of boots
Stlth    ..........             H - amulet of faith {!P}
HPRegen  0.31/turn              L - ring "Gawuocs" {+Blink MR+}
MPRegen  0.16/turn              (no ring)

@: no status effects
A: no striking features
a: Berserk, Trog's Hand, Brothers in Arms, Renounce Religion, Evoke Blink, Evoke
Flight


You were on level 1 of the Orcish Mines.
You worshipped Trog.
Trog was extremely pleased with you.
You were hungry.

You visited 3 branches of the dungeon, and saw 18 of its levels.
You also visited: Ossuary.

You collected 1329 gold pieces.
You spent 333 gold pieces at shops.

Inventory:

Hand Weapons
 i - the +7 executioner's axe of Rafyt (weapon) {god gift, freeze, +Fly rElec rPois Str-2}
   (Trog gifted it to you on level 3 of the Lair of Beasts)

   It has been specially enchanted to freeze those struck by it, causing extra
   injury to most foes and up to half again as much damage against particularly
   susceptible opponents.
   It can also slow down cold-blooded creatures.
   It affects your strength (-2).
   It insulates you from electricity.
   It protects you from poison.
   It lets you fly.
 o - the +11 broad axe "Dohe" {god gift, chop, Str+2}
   (Trog gifted it to you on level 2 of the Lair of Beasts)

   It inflicts extra damage upon your enemies.
   It affects your strength (+2).
Missiles
 U - 2 tomahawks of dispersal (quivered)
Armour
 j - a +0 pair of boots (worn)
 k - a +0 chain mail (worn)
 w - a +1 helmet (worn)
 y - a +0 cloak (worn)
 C - +0 fire dragon scales
Jewellery
 g - an uncursed amulet of the acrobat {unknown}
 l - an uncursed ring of flight
 p - an uncursed ring of fire
 H - an amulet of faith (around neck) {!P}
 L - the ring "Gawuocs" (left hand) {+Blink MR+}
   (You bought it in a shop on level 5 of the Dungeon)

   [ring of protection from magic]

   It affects your resistance to hostile enchantments.
   It lets you blink.
Wands
 d - a wand of digging (18) {@v1}
 z - a wand of polymorph (34)
 A - a wand of iceblast (7) {@v4}
 B - a wand of paralysis (19) {@v7}
 G - a wand of acid (2) {@v2}
 Q - a wand of clouds (3) {@v3}
 Z - a wand of enslavement (28)
Scrolls
 h - 4 scrolls of fog
 n - 6 scrolls of remove curse {@r3}
 q - 2 scrolls of torment {unknown}
 u - 2 scrolls of fear {unknown}
 v - a scroll of brand weapon {unknown}
 x - 5 scrolls of enchant armour
 E - 2 scrolls of enchant weapon
 F - a scroll of holy word {unknown}
 I - a scroll of silence {unknown}
 K - a scroll of amnesia {unknown}
 M - 3 scrolls of magic mapping {unknown}
 N - 2 scrolls of blinking {unknown}
 O - a scroll of noise {unknown}
 R - 7 scrolls of identify {@r1}
 T - 10 scrolls of teleportation {!r, @r2}
 Y - 5 scrolls of immolation {unknown}
Potions
 m - a potion of haste {unknown}
 r - a potion of berserk rage
 s - 4 potions of brilliance
 t - 6 potions of flight
 D - a potion of agility {unknown}
 J - a potion of lignification
 P - 5 potions of might {@q4}
 S - a potion of heal wounds {@q2}
 V - 3 potions of mutation {!q}
 W - 5 potions of curing {@q1}
 X - a potion of ambrosia
Comestibles
 e - 32 rations


   Skills:
 + Level 12.2 Fighting
 * Level 19.8 Axes
 + Level 11.0 Armour
 + Level 8.5 Dodging
   Level 6.2 Shields
 + Level 5.4 Evocations


You had 13 spell levels left.
You didn't know any spells.
Your spell library was empty.

Dungeon Overview and Level Annotations

Branches:
Dungeon (11/15)            Temple (0/1) D:5            Lair (6/6) D:8
  Swamp (0/4) Lair:2       Spider (0/4) Lair:2        Slime (0/5) Lair:5
    Orc (1/2) D:9

Altars:
Cheibriados
Dithmenos
Elyvilon
Gozag
Hepliaklqana
Makhleb
Nemelex Xobeh
Okawaru
Ru
Sif Muna
Uskayaw
Vehumet
Wu Jian
Xom
Jiyva

Shops:
D:5 *

Annotations:
D:7 1 transporter
D:8 2 runed doors, pyroka's ghost, novice DrGl


Message History

Something appears at your feet! Trog grants you a weapon!
The orc barely misses you.
The orc warrior hits you with a trident!
You take 18 damage, and have 108/126 hp.
You slash the orc! You freeze the orc.
You kill the orc!
Trog accepts your kill.
You hit the orc. You freeze the orc.
You kill the orc!
Trog accepts your kill.
You hit the orc warrior. You freeze the orc warrior.
The orc knight shoots a bolt.
The bolt hits you but does no damage.
An orc warrior comes into view. It is wielding a glaive.
The orc warrior hits you with a trident!
You take 10 damage, and have 98/126 hp.
You slice the orc warrior!! You freeze the orc warrior!
You kill the orc warrior!
Trog accepts your kill.
You hit the orc but do no damage. You slice the orc!! You freeze the orc.
You kill the orc!
Trog accepts your kill.
An orc comes into view. It is wielding a war axe.
The orc barely misses you.
An orc warrior comes into view. It is wielding a glaive.
You dice the ogre like an onion!!! You freeze the ogre!
You kill the ogre!
Trog accepts your kill.
You slice the orc!! You freeze the orc.
You kill the orc!
Trog accepts your kill.
An orc wizard comes into view. It is wielding a dagger of venom.
You slash the warg! You freeze the warg.
The warg is moderately wounded.
An orc wizard comes into view. It is wielding a dagger.
The orc knight roars a battlecry!
The orcs go into a battle-frenzy!
The warg bites you.
You take 1 damage, and have 97/126 hp.
You hit the warg. You freeze the warg.
The warg is severely wounded.
Your chain mail prevents you from hitting the orc.
The warg closely misses you. The orc hits you but does no damage.
The orc wizard gestures wildly while chanting.
The orc wizard blinks!
Unknown command.
You hit the warg. You freeze the warg.
The warg is almost dead.
You closely miss the orc. The warg bites you.
An orc warrior comes into view. It is wielding a battleaxe.
An orc comes into view. It is wielding a mace.
The orc knight shoots a bolt.
The bolt hits you. The orc closely misses you.
An orc warrior comes into view. It is wielding a scimitar.
The warg barely misses you.
The orc shouts!
You hear a shout!
You take 2 damage, and have 95/126 hp.
You hit the warg. You freeze the warg.
You kill the warg!
Trog accepts your kill.
You slice the orc!! You freeze the orc.
You kill the orc!
Trog accepts your kill.
The orc warrior hits you from afar with a glaive!
The orc knight shoots a bolt.
The bolt hits you but does no damage.
You take 8 damage, and have 87/126 hp.
The orc warrior hits you with a glaive!!
* * * LOW HITPOINT WARNING * * *
The orc wizard mumbles some strange words.
The orc wizard blinks!
You see here a falchion.
Unknown command.
You take 32 damage, and have 55/126 hp.
MASSIVE DAMAGE!!
You are too injured to fight recklessly!
Unknown command.
You are too injured to fight recklessly!
Unknown command.
You are too injured to fight recklessly!
Unknown command.
You are too injured to fight recklessly!
Unknown command.
You are too injured to fight recklessly!
Unknown command.
The orc knight shoots a bolt.
The bolt hits you!!
* * * LOW HITPOINT WARNING * * *
The orc warrior barely misses you. The orc wizard casts a spell at you.
The magic dart hits you!
The orc warrior hits you from afar with a glaive!
* * * LOW HITPOINT WARNING * * *
You see here a bolt.
You take 34 damage, and have 21/126 hp.
MASSIVE DAMAGE!!
The orc wizard casts a spell at you. The puff of flame hits you!
* * * LOW HITPOINT WARNING * * *
You take 2 damage, and have 19/126 hp.
Unknown command.
The orc wizard casts a spell.
The orc wizard blinks!
The orc warrior hits you from afar with a glaive!!
You die...

....█....█..
.......$█.█
█..........
██.......█.█ █
█...........
██.███..$o......
██....██.))......
█.....@oo()o.....
██..█...o)>o.....
█.........o.....
██.██.....o.....
██ █.$...o.....
█............
$.....█..█....
█.█...█...█...█
███... .█. ...


You could see an orc knight, 4 orc warriors, 2 orc wizards and 2 orcs.

Vanquished Creatures
  Gastronok (D:10)
  A storm dragon (Lair:6)
  Josephine (Lair:6)
  A fire dragon (Lair:6)
  A great orb of eyes (Lair:2)
  Erolcha (D:9)
  A lindwurm (Lair:2)
  Pikel (D:8)
  4 elephants (Lair:5)
  5 black mambas
  Maurice (D:9)
  A gargoyle (D:10)
  A torpor snail (Lair:4)
  10 spiny frogs
  6 komodo dragons
  2 trolls
  A polar bear (Lair:4)
  4 hornets (Lair:2)
  A slime creature (D:10)
  8 dream sheep
  4 hippogriffs
  12 blink frogs
  3 spriggans
  5 wraiths (Lair:6)
  31 yaks
  3 wyverns
  A fire elemental (Lair:5)
  5 vampire mosquitoes (Lair:2)
  3 basilisks
  Menkaure (D:6)
  Edmund (D:6)
  A warg (Orc:1)
  13 water moccasins
  17 porcupines
  Duvessa (D:4)
  3 sky beasts
  3 phantoms
  2 black bears
  6 orc warriors
  3 ice beasts
  2 slaves (D:8)
  6 ogres
  17 wolves
  12 crocodiles
  3 centaurs
  2 elf zombies (Ossuary)
  Blork the orc (D:6)
  15 bullfrogs
  6 scorpions
  A wyvern skeleton (D:10)
  Dowan (D:4)
  8 wights
  5 howler monkeys
  2 electric eels (Lair:5)
  5 crimson imps
  3 bullfrog zombies
  3 centaur zombies
  10 jellies
  Crazy Yiuf (D:3)
  10 orc priests
  3 hounds
  4 human zombies (Ossuary)
  3 bullfrog skeletons
  2 iguanas
  13 orc wizards
  3 worker ants
  A hound zombie (D:6)
  2 hound skeletons (D:4)
  3 mummies (Ossuary)
  2 worker ant zombies
  A gnoll (D:2)
  16 adders
  13 river rats (D:4)
  5 shadow imps
  13 oozes (D:10)
  An adder zombie (Ossuary)
  An adder skeleton (D:4)
  3 worms
  4 dart slugs
  5 leopard geckos
  67 orcs
  5 bats
  9 giant cockroaches
  A gnoll zombie (Ossuary)
  7 goblins
  8 hobgoblins
  8 jackals
  5 kobolds
  5 quokkas
  6 frilled lizards
  5 goblin zombies
  4 hobgoblin zombies (Ossuary)
  6 jackal zombies (Ossuary)
  6 kobold zombies (Ossuary)
  A leopard gecko skeleton (D:5)
  2 orc zombies (Ossuary)
  3 quokka zombies
  15 rats
  3 rat zombies (Ossuary)
  A bush (Lair:6)
  2 fungi
  A plant (Lair:5)
551 creatures vanquished.

Vanquished Creatures (collateral kills)
  2 hydras
  A torpor snail (Lair:6)
  A komodo dragon (Lair:6)
  2 water moccasins
  2 wolves (Lair:1)
  A crocodile (Lair:6)
9 creatures vanquished.

Vanquished Creatures (others)
  2 slaves (D:8)
  An orc wizard (D:8)
  2 orcs (D:8)
  2 jackals (D:8)
  7 fungi
  32 plants
46 creatures vanquished.

Grand Total: 606 creatures vanquished

Notes
Turn   | Place    | Note
-------+----------+-------------------------------------------
     0 | D:1      | Goblin1989 the Hill Orc Berserker began the quest for the Orb.
     0 | D:1      | Reached XP level 1. HP: 19/19 MP: 1/1
    74 | D:1      | Reached XP level 2. HP: 25/26 MP: 2/2
   237 | D:1      | Reached skill level 5 in Axes
   733 | D:1      | Reached XP level 3. HP: 31/31 MP: 3/3
   947 | D:2      | Found an iron altar of Okawaru.
  1315 | D:2      | Reached XP level 4. HP: 33/40 MP: 4/4
  1381 | D:2      | Reached skill level 6 in Axes
  1699 | D:2      | Found a faded altar of an unknown god.
  1719 | D:2      | Reached ** piety under Trog
  2094 | D:3      | Found a sacrificial altar of Ru.
  2168 | D:3      | Reached XP level 5. HP: 46/46 MP: 5/5
  2277 | D:3      | Found a burning altar of Makhleb.
  2404 | D:3      | Found a shimmering altar of Xom.
  2560 | D:3      | Found a runed door.
  2564 | D:3      | Noticed Crazy Yiuf
  2574 | D:3      | Killed Crazy Yiuf
  2741 | D:4      | Reached skill level 7 in Axes
  2741 | D:4      | Reached XP level 6. HP: 53/53 MP: 6/6
  2897 | D:4      | Reached *** piety under Trog
  2926 | D:4      | Found a sand-covered staircase.
  2933 | Ossuary  | Entered an ossuary
  3069 | Ossuary  | Reached skill level 5 in Fighting
  3069 | Ossuary  | Reached XP level 7. HP: 50/61 MP: 7/7
  3165 | Ossuary  | Reached skill level 8 in Axes
  3678 | Ossuary  | Reached **** piety under Trog
  4090 | D:4      | Reached XP level 8. HP: 47/69 MP: 8/8
  4255 | D:4      | Noticed Dowan
  4257 | D:4      | Noticed Duvessa
  4271 | D:4      | Killed Dowan
  4273 | D:4      | Killed Duvessa
  4273 | D:4      | Reached skill level 9 in Axes
  4756 | D:4      | Found a hide-covered altar of Uskayaw.
  5010 | D:5      | Entered Level 5 of the Dungeon
  5010 | D:5      | Found a sparkling altar of Nemelex Xobeh.
  5079 | D:5      | Found a radiant altar of Vehumet.
  5112 | D:5      | Reached skill level 5 in Armour
  5330 | D:5      | Found a staircase to the Ecumenical Temple.
  5591 | D:5      | Found Omontush's Assorted Antiques.
  5606 | D:5      | Bought a translucent lead ring for 120 gold pieces
  5606 | D:5      | Bought a sedimented orange potion for 21 gold pieces
  5606 | D:5      | Bought a scroll labeled SAULOIRCHOS for 24 gold pieces
  5606 | D:5      | Bought a scroll of identify for 48 gold pieces
  5606 | D:5      | Bought a scroll of identify for 48 gold pieces
  5606 | D:5      | Bought a scroll of remove curse for 72 gold pieces
  5607 | D:5      | Identified the ring "Gawuocs" {+Blink MR+} (You bought it in a shop on level 5 of the Dungeon)
  5730 | D:5      | Found a white marble altar of Elyvilon.
  5772 | D:5      | Found a deep blue altar of Sif Muna.
  5800 | D:6      | Noticed Blork the orc
  5811 | D:6      | Killed Blork the orc
  5811 | D:6      | Reached skill level 10 in Axes
  5914 | D:6      | Noticed Edmund
  5936 | D:6      | Killed Edmund
  6089 | D:6      | Reached XP level 9. HP: 78/78 MP: 9/9
  6161 | D:6      | Reached ***** piety under Trog
  6854 | D:6      | Found a snail-covered altar of Cheibriados.
  6874 | D:6      | Noticed Menkaure
  6878 | D:6      | Killed Menkaure
  6878 | D:6      | Reached skill level 11 in Axes
  6911 | D:6      | Found an opulent altar of Gozag.
  7718 | D:7      | Found a transporter.
  7904 | D:7      | Found a hazy altar of Hepliaklqana.
  8205 | D:8      | Found a staircase to the Lair.
  8206 | D:8      | Noticed a komodo dragon
  8348 | D:8      | Noticed Pikel
  8350 | D:8      | Found a large runed door.
  8361 | D:8      | Reached skill level 5 in Dodging
  8368 | D:8      | Killed Pikel
  8368 | D:8      | Reached skill level 12 in Axes
  8368 | D:8      | Reached XP level 10. HP: 88/88 MP: 10/10
  8369 | D:8      | Found a large runed door.
  8433 | D:8      | Noticed pyroka's ghost (novice DrGl)
  9314 | D:8      | Reached skill level 13 in Axes
  9821 | D:9      | Found an ornate altar of the Wu Jian Council.
  9898 | D:9      | Reached skill level 1 in Shields
  9999 | D:9      | Noticed Maurice
 10049 | D:9      | Killed Maurice
 10388 | D:9      | Found a shadowy altar of Dithmenos.
 10409 | D:9      | Found a sparkling altar of Nemelex Xobeh.
 10535 | D:9      | Noticed Erolcha
 10548 | D:9      | Killed Erolcha
 10548 | D:9      | Reached XP level 11. HP: 97/97 MP: 11/11
 10887 | D:9      | Found a staircase to the Orcish Mines.
 11000 | D:10     | Entered Level 10 of the Dungeon
 11094 | D:10     | Reached skill level 14 in Axes
 11251 | D:10     | Noticed Gastronok
 11271 | D:10     | Killed Gastronok
 11856 | D:10     | Reached skill level 10 in Fighting
 12511 | Lair:1   | Entered Level 1 of the Lair of Beasts
 12518 | Lair:1   | Reached ****** piety under Trog
 12614 | Lair:1   | Reached skill level 15 in Axes
 12706 | Lair:1   | Reached skill level 5 in Shields
 12706 | Lair:1   | Reached XP level 12. HP: 103/107 MP: 12/12
 12762 | Lair:1   | Noticed a six-headed hydra
 12767 | Lair:1   | Killed a nine-headed hydra
 12996 | Lair:1   | Reached skill level 17 in Axes
 12996 | Lair:1   | Reached XP level 13. HP: 114/114 MP: 13/13
 13317 | Lair:2   | Found a hole to the Spider Nest.
 13463 | Lair:2   | Received a gift from Trog
 13505 | Lair:2   | Got a crude broad axe {god gift}
 13506 | Lair:2   | Identified the +11 broad axe "Dohe" {god gift, chop, Str+2} (Trog gifted it to you on level 2 of the Lair of Beasts)
 13621 | Lair:2   | Paralysed by a hornet for 2 turns
 13674 | Lair:2   | Found a staircase to the Swamp.
 13693 | Lair:2   | Reached skill level 18 in Axes
 13702 | Lair:2   | Reached skill level 1 in Evocations
 14469 | Lair:2   | Noticed a great orb of eyes
 14469 | Lair:2   | a six-headed hydra changed into a great orb of eyes
 14471 | Lair:2   | Killed a great orb of eyes
 14878 | Lair:3   | Received a gift from Trog
 14881 | Lair:3   | Got an ancient executioner's axe {god gift}
 14887 | Lair:3   | Identified the +7 executioner's axe of Rafyt {god gift, freeze, +Fly rElec rPois Str-2} (Trog gifted it to you on level 3 of the Lair of Beasts)
 15246 | Lair:3   | Reached skill level 10 in Armour
 17078 | Lair:5   | Reached XP level 14. HP: 74/124 MP: 16/16
 17665 | Lair:5   | Reached skill level 19 in Axes
 17670 | Lair:5   | Received a gift from Trog
 18100 | Lair:5   | Found a viscous altar of Jiyva.
 18101 | Lair:5   | Found a staircase to the Slime Pits.
 18266 | Lair:6   | Entered Level 6 of the Lair of Beasts
 18279 | Lair:6   | Noticed Josephine
 18295 | Lair:6   | Killed Josephine
 18941 | Lair:6   | Reached skill level 5 in Evocations
 19172 | Lair:6   | Noticed a storm dragon
 19172 | Lair:6   | a seven-headed hydra changed into a storm dragon
 19184 | Lair:6   | Killed a storm dragon
 19184 | Lair:6   | Received a gift from Trog
 20483 | Orc:1    | Entered Level 1 of the Orcish Mines
 20489 | Orc:1    | Received a gift from Trog
 20500 | Orc:1    | Mangled by an orc warrior

Vault maps used:
D:1:      ebering_hopf_link
D:2:      old_standard_altar, chequers_ecumenical_altar_simple_redux,
          nrook_loot_triangle
D:3:      marbit_many_paths, nicolae_overflow_crystal_walls,
          overflow_temple_1_default, kennysheep_generic_room_13,
          uniq_crazy_yiuf_cottage
D:4:      lemuel_coloured_pillars_altar, enter_ossuary_4, first_ration,
          dk_rats_in_the_wall, uniq_duvessa
D:5:      lemuel_crystal_altar, nicolae_overflow_hidden_temple,
          kennysheep_mini_moat, nemelex_xobeh_ov_fountains_minmay,
          minmay_temple_entry_statues, serial_shops, nicolae_shop_waterfront,
          minivault_11, minmay_misc_feat_cross
D:6:      cheibrodos_worm_habitat, moated_statue, grunt_gozag_statues,
          uniq_blork_the_orc, uniq_edmund, uniq_menkaure
D:7:      gammafunk_beogh_shrine, old_standard_altar, wad_floor_pattern_1
D:8:      david_lair_shrubbed, ebering_ghost_disaster_area, the_bakery,
          uniq_pikel
D:9:      old_standard_altar, kennysheep_mini, hiddenorc1_lemuel,
          statue_in_the_mist_lemuel, nemelex_spade_bored_becter, uniq_maurice,
          uniq_erolcha
D:10:     lemuel_slime, item_on_display_a, uniq_gastronok
D:11:     david_defended_altar_orc
Lair:2:   cheibrodos_lair_overgrown_chateau, minmay_swamp_entry_swarm,
          nicolae_spider_entry_non_spiders
Lair:3:   beast_lair_carwin_8, lemuel_fruit_tree, lemuel_fruit_fields
Lair:4:   forest_entry_grove
Lair:5:   dpeg_slime_entry_enclosed_altar, beast_lair_carwin_2
Lair:6:   due_jungle_book, uniq_josephine
Orc:1:    nicolae_orc_lava_room
Ossuary:  minmay_ossuary_two_tombs

Skill      XL: |  1  2  3  4  5  6  7  8  9 10 11 12 13 14 |
---------------+-------------------------------------------+-----
Axes           | 5 6 7 8 10 12 13 15 17 18 19 | 19.8
Fighting       | 4 5 6 8 9 10 11 12 | 12.2
Dodging        | 2 3 4 5 6 7 8 |  8.5
Armour         | 3 4 5 6 8 9 10 11 | 11.0
Shields        | 3 5 6 |  6.2
Evocations     | 3 5 |  5.4

Action                   |  1- 3 |  4- 6 |  7- 9 | 10-12 | 13-15 || total
-------------------------+-------+-------+-------+-------+-------++-------
Melee: Hand axe          |    94 |   164 |   600 |   426 |       ||  1284
       Unarmed           |       |     8 |       |       |       ||     8
       War axe           |       |       |       |    67 |    39 ||   106
       Executioner's axe |       |       |       |       |   306 ||   306
       Broad axe         |       |       |       |       |    90 ||    90
Invok: Berserk           |       |     2 |     6 |     9 |     3 ||    20
       Trog's Hand       |       |     1 |     2 |     3 |     1 ||     7
       Brothers in Arms  |       |       |       |     2 |     2 ||     4
Evoke: Wand              |       |       |       |     8 |     6 ||    14
  Use: Scroll            |       |     7 |     5 |     3 |     1 ||    16
       Potion            |       |     3 |       |     2 |     1 ||     6
 Stab: Invisible         |       |       |       |     1 |       ||     1
       Paralysed         |       |       |       |       |     1 ||     1
  Eat: Chunk             |     1 |     8 |    19 |    20 |    24 ||    72
       Ration            |       |       |     1 |     2 |     1 ||     4
Armor: Animal skin       |     7 |       |       |       |       ||     7
       Ring mail         |    15 |    70 |   167 |    27 |       ||   279
       Skin              |       |    41 |       |       |       ||    41
       Chain mail        |       |       |       |   145 |   214 ||   359
Dodge: Dodged            |    59 |    98 |   281 |   122 |   231 ||   791
Block: Shield            |       |       |       |   123 |    40 ||   163

Table legend:
 A = Spawn XP
 B = Non-spawn XP
 C = Spawn XP percentage of total XP
 D = Spawn monster count
 E = Non-spawn monster count
 F = Spawn count percentage of total count
 G = Total turns spent on level
                    A         B        C        D         E        F      G
               +---------+---------+-------+---------+---------+-------+---------
         Total |       0 |   60342 |   0.0 |       0 |     554 |   0.0 | 20500
               +---------+---------+-------+---------+---------+-------+---------
           D:1 |       0 |      41 |   0.0 |       0 |      19 |   0.0 |   892
           D:2 |       0 |      78 |   0.0 |       0 |      15 |   0.0 |  1019
           D:3 |       0 |     110 |   0.0 |       0 |      26 |   0.0 |   741
           D:4 |       0 |     877 |   0.0 |       0 |      48 |   0.0 |  1448
           D:5 |       0 |     383 |   0.0 |       0 |      17 |   0.0 |   793
           D:6 |       0 |    1098 |   0.0 |       0 |      18 |   0.0 |  1499
           D:7 |       0 |     909 |   0.0 |       0 |      27 |   0.0 |   843
           D:8 |       0 |    3030 |   0.0 |       0 |      35 |   0.0 |  1868
           D:9 |       0 |    3273 |   0.0 |       0 |      43 |   0.0 |  1237
          D:10 |       0 |    5092 |   0.0 |       0 |      58 |   0.0 |  1166
          D:11 |       0 |     474 |   0.0 |       0 |       3 |   0.0 |   154
        Lair:1 |       0 |    3974 |   0.0 |       0 |      20 |   0.0 |   796
        Lair:2 |       0 |    9285 |   0.0 |       0 |      46 |   0.0 |  1577
        Lair:3 |       0 |    2767 |   0.0 |       0 |      19 |   0.0 |  1130
        Lair:4 |       0 |    6316 |   0.0 |       0 |      32 |   0.0 |  1087
        Lair:5 |       0 |    5157 |   0.0 |       0 |      24 |   0.0 |  1436
        Lair:6 |       0 |   16578 |   0.0 |       0 |      56 |   0.0 |  1887
         Orc:1 |       0 |     421 |   0.0 |       0 |       9 |   0.0 |    17
       Ossuary |       0 |     479 |   0.0 |       0 |      39 |   0.0 |   910
               +---------+---------+-------+---------+---------+-------+---------

Vault maps used:
D:1:      ebering_hopf_link
D:2:      old_standard_altar, chequers_ecumenical_altar_simple_redux,
          nrook_loot_triangle
D:3:      marbit_many_paths, nicolae_overflow_crystal_walls,
          overflow_temple_1_default, kennysheep_generic_room_13,
          uniq_crazy_yiuf_cottage
D:4:      lemuel_coloured_pillars_altar, enter_ossuary_4, first_ration,
          dk_rats_in_the_wall, uniq_duvessa
D:5:      lemuel_crystal_altar, nicolae_overflow_hidden_temple,
          kennysheep_mini_moat, nemelex_xobeh_ov_fountains_minmay,
          minmay_temple_entry_statues, serial_shops, nicolae_shop_waterfront,
          minivault_11, minmay_misc_feat_cross
D:6:      cheibrodos_worm_habitat, moated_statue, grunt_gozag_statues,
          uniq_blork_the_orc, uniq_edmund, uniq_menkaure
D:7:      gammafunk_beogh_shrine, old_standard_altar, wad_floor_pattern_1
D:8:      david_lair_shrubbed, ebering_ghost_disaster_area, the_bakery,
          uniq_pikel
D:9:      old_standard_altar, kennysheep_mini, hiddenorc1_lemuel,
          statue_in_the_mist_lemuel, nemelex_spade_bored_becter, uniq_maurice,
          uniq_erolcha
D:10:     lemuel_slime, item_on_display_a, uniq_gastronok
D:11:     david_defended_altar_orc
Lair:2:   cheibrodos_lair_overgrown_chateau, minmay_swamp_entry_swarm,
          nicolae_spider_entry_non_spiders
Lair:3:   beast_lair_carwin_8, lemuel_fruit_tree, lemuel_fruit_fields
Lair:4:   forest_entry_grove
Lair:5:   dpeg_slime_entry_enclosed_altar, beast_lair_carwin_2
Lair:6:   due_jungle_book, uniq_josephine
Orc:1:    nicolae_orc_lava_room
Ossuary:  minmay_ossuary_two_tombs
